 Dungeon Crawl Stone Soup version 0.18.1-50-g88ac8fd (webtiles) character file.

28195 ashka the Basher (level 13, -2/130 HPs)
             Began as a Gargoyle Fighter on Oct 15, 2016.
             Was the Champion of Okawaru.
             Slain by a death yak (17 damage)
             ... on level 5 of the Lair of Beasts.
             The game lasted 00:42:36 (16392 turns).

ashka the Basher (Gargoyle Fighter)                Turns: 16392, Time: 00:42:36

Health: -2/130     AC: 26    Str: 25    XL:     13   Next: 37%
Magic:  7/13       EV:  2    Int: 14    God:    Okawaru [******]
Gold:   1001       SH:  0    Dex: 12    Spells: 0 memorised, 12 levels left

rFire  . . .     SeeInvis .     I - +1 eveningstar "Rehastra" {flame, Int+5}
rCold  . . .     Gourm    .     (armour currently unavailable)
rNeg   + + +     Faith    .     (no shield)
rPois  ∞         Spirit   .     (helmet currently unavailable)
rElec  .         Dismiss  +     (cloak currently unavailable)
rCorr  .         Reflect  .     (gloves currently unavailable)
SustAt .         Harm     .     (boots currently unavailable)
MR     +....     NoTele   +     w - amulet of dismissal
Stlth  +.........               s - ring of protection from magic
                                C - +3 ring of strength

@: tree-form, somewhat resistant to hostile enchantments, very unstealthy
A: (claws 0), negative energy resistance 1, (electricity resistance),
(unbreathing), petrification resistance, rot immunity, AC +9
a: Heroism, Finesse, Renounce Religion


You were on level 5 of the Lair of Beasts.
You worshipped Okawaru.
Okawaru was exalted by your worship.
You were not hungry.
You were a tree.
You visited 3 branches of the dungeon, and saw 16 of its levels.
You also visited: Labyrinth and Sewer.

You collected 1001 gold pieces.

Inventory:

Hand Weapons
 a - a +0 flail
 j - a +3 whip of venom
 l - a +0 whip of freezing
 G - a +4 dire flail of protection
 I - the +1 eveningstar "Rehastra" (weapon) {flame, Int+5}
   (Okawaru gifted it to you on level 4 of the Lair of Beasts)

   It has been specially enchanted to burn those struck by it, causing extra
   injury to most foes and up to half again as much damage against particularly
   susceptible opponents.
   It affects your intelligence (+5).
Armour
 b - a +0 scale mail
 c - a +0 shield
 e - a +0 cloak (melded)
 n - a +1 plate armour (melded)
 t - a +2 buckler
 K - a +0 steam dragon armour
 N - a +1 hat of spirit shield (melded)
Jewellery
 p - an uncursed ring of wizardry
 q - a cursed ring of loudness
 s - a ring of protection from magic (right branch)
 v - an uncursed ring of see invisible
 w - an amulet of dismissal (around neck)
 C - a +3 ring of strength (left branch)
 P - an uncursed ring of ice
Wands
 d - a wand of digging (9/24)
 o - a wand of digging (14/24)
 y - a wand of lightning (0/15)
 H - a wand of confusion (16/48)
 J - a wand of lightning (0/15)
 O - a wand of lightning (5/15)
 S - a wand of confusion (27/48)
Scrolls
 m - a scroll of fear
 u - 4 scrolls of identify
 x - a scroll of teleportation
 A - 2 scrolls of enchant armour
 E - 2 scrolls of fog
 F - 2 scrolls of recharging
 Q - a scroll of noise
Potions
 g - a potion of magic
 h - 2 potions of flight
 k - 3 potions of curing
 z - a potion of haste
 L - a potion of cure mutation {unknown}
 M - a potion of brilliance {unknown}
 T - a potion of lignification
 U - a potion of agility {unknown}
Books
 r - a book of Battle

   Spells                             Type                      Level
   a - Infusion                       Charms                       1
   b - Shroud of Golubria             Charms/Translocation         2
   c - Song of Slaying                Charms                       2
   d - Spectral Weapon                Hexes/Charms                 3
   e - Regeneration                   Charms/Necromancy            3
 B - a book of Cantrips

   Spells                             Type                      Level
   a - Corona                         Hexes                        1
   b - Animate Skeleton               Necromancy                   1
   c - Summon Small Mammal            Summoning                    1
   d - Apportation                    Translocation                1
Comestibles
 f - 3 bread rations
 D - 17 royal jellies
 R - 4 meat rations
 V - 6 fruits


   Skills:
 + Level 12.4 Fighting
 * Level 14.9 Maces & Flails
 + Level 12.1 Armour
 - Level 6.0 Shields


You had 12 spell levels left.
You didn't know any spells.

Dungeon Overview and Level Annotations

Branches:
Dungeon (10/15)            Temple (1/1) D:4            Lair (5/8) D:8
 Shoals (0/4) Lair:5
  Snake: Lair:3-6    Spider: Lair:3-6       Orc: D:9-12

Altars:
Ashenzari
Cheibriados
Dithmenos
Elyvilon
Fedhas
Gozag
Kikubaaqudgha
Makhleb
Nemelex Xobeh
Okawaru
Pakellas
Qazlal
Ru
Sif Muna
Trog
Vehumet
Xom
Yredelemnul
Zin
The Shining One
Jiyva

Shops:
D:7 (   D:8 (


Innate Abilities, Weirdness & Mutations

You are resistant to torment.
((Your stone body is resilient (AC +9).))
You are immune to poison.
You resist negative energy.
((You are resistant to electric shocks.))
((You can survive without breathing.))
You are immune to petrification.
You are immune to rotting.
((You have sharp fingernails.))


Message History

The death yak gores you but does no damage.
The death yak barely misses you.
You sock the death yak! You burn the death yak.
The death yak is severely wounded.
The death yak gores you!
* * * LOW HITPOINT WARNING * * *
You hit the death yak but do no damage.
The death yak gores you but does no damage.
You sock the death yak! You burn the death yak.
The death yak is moderately wounded.
You hit the death yak but do no damage.
The death yak is moderately wounded.
The death yak completely misses you.
The death yak gores you but does no damage.
The death yak gores you.
* * * LOW HITPOINT WARNING * * *
You hit the death yak but do no damage.
The death yak is severely wounded.
The death yak gores you!
You die...

.P##...##......##.###..F..PP.#...
.##............#...#........P...#
.................................
............>....................
................................
..............P...........
.............P............
.............P.##Y........
...##P.##....P..♣Y..#.....
..#######P.......Y........
.#.....###.............>..
<......##.....#...........
.#.....##............#...#
.#.##..#.#...........S...
.#####.#......#........).
...##P.P.....##.#.P..#..
......PP.......#..##.


You could see 3 death yaks and a water moccasin.

Vanquished Creatures
  Gastronok (Lair:2)
  A minotaur (Lab)
  A hydra (Lair:4)
  2 death yaks (Lair:5)
  Pikel (D:5)
  A manticore (Lair:5)
  A griffon (Lair:5)
  2 sirens (Lair:5)
  A black mamba (Lair:4)
  5 elephants (Lair:4)
  3 spiny frogs
  4 komodo dragons
  2 rime drakes (Lair:4)
  A troll (D:9)
  A polar bear (Lair:4)
  A two-headed ogre (D:10)
  A queen bee (Lair:1)
  2 merfolk (Lair:5)
  Grinder (D:5)
  18 blink frogs
  Duvessa (D:5)
  Dowan (D:5)
  12 yaks
  4 basilisks (Lab)
  4 hippogriffs
  3 hungry ghosts (Lab)
  The ghost of mda97nl the Vandal, an amateur HaHu (Sewer)
  8 porcupines
  10 water moccasins
  2 ice beasts
  A sky beast (D:10)
  An orc warrior (D:10)
  A black bear (Lair:4)
  5 phantoms
  A slave (D:5)
  4 ogres
  4 centaurs
  10 wolves
  6 crocodiles
  A big kobold (Sewer)
  11 giant frogs
  A gnoll sergeant (D:3)
  4 scorpions
  19 killer bees (Lair:1)
  4 wights (D:10)
  A howler monkey (D:4)
  3 electric eels
  4 crimson imps
  A giant frog zombie (D:7)
  7 hounds
  5 jellies
  10 orc wizards
  2 giant frog skeletons
  3 orc priests
  10 iguanas
  13 worker ants
  5 sheep
  A hound skeleton (D:4)
  A worker ant zombie (D:8)
  10 gnolls
  A howler monkey skeleton (D:9)
  9 adders
  43 river rats
  5 shadow imps
  5 oozes (D:10)
  An adder skeleton (D:5)
  2 worms
  11 giant geckos
  18 orcs
  3 giant cockroaches
  9 goblins
  5 hobgoblins
  15 jackals
  5 quokkas
  A ball python (D:3)
  7 bats
  A giant cockroach zombie (D:6)
  A giant gecko skeleton (D:5)
  6 giant newts
  21 kobolds
  A quokka skeleton (D:5)
  9 rats
  A bush (D:9)
425 creatures vanquished.

Vanquished Creatures (collateral kills)
  A wolf (Lair:3)
  3 river rats (Lair:3)
4 creatures vanquished.

Vanquished Creatures (others)
  3 slaves (D:5)
  An iguana (D:5)
  2 adders (D:5)
  A dart slug (D:1)
  A fungus (Lair:5)
  3 plants
11 creatures vanquished.

Grand Total: 440 creatures vanquished

Notes
Turn   | Place    | Note
--------------------------------------------------------------
     0 | D:1      | ashka the Gargoyle Fighter began the quest for the Orb.
     0 | D:1      | Reached XP level 1. HP: 14/14 MP: 1/1
   334 | D:1      | Reached XP level 2. HP: 16/19 MP: 2/2
  1005 | D:2      | Reached skill level 3 in Maces & Flails
  1005 | D:2      | Reached XP level 3. HP: 18/24 MP: 3/3
  1232 | D:2      | Reached XP level 4. HP: 29/29 MP: 4/4
  1280 | D:2      | Found a faded altar to an unknown god.
  1900 | D:3      | Reached skill level 4 in Maces & Flails
  1941 | D:3      | Reached XP level 5. HP: 27/34 MP: 5/5
  2181 | D:3      | Found a shadowy altar of Dithmenos.
  2183 | D:3      | Found a glowing golden altar of the Shining One.
  2254 | D:3      | Reached XP level 6. HP: 36/39 MP: 6/6
  2332 | D:3      | Found an oddly glowing altar of Pakellas.
  2441 | D:3      | Found a glowing drain.
  2457 | Sewer    | Entered a sewer
  2616 | Sewer    | Noticed mda97nl's ghost (amateur HaHu)
  2644 | Sewer    | Killed mda97nl's ghost
  2644 | Sewer    | Reached skill level 5 in Fighting
  2644 | Sewer    | Reached skill level 5 in Maces & Flails
  2752 | Sewer    | Reached XP level 7. HP: 44/44 MP: 7/7
  2770 | Sewer    | Found a white marble altar of Elyvilon.
  3313 | D:4      | Found a staircase to the Ecumenical Temple.
  3444 | Temple   | Entered the Ecumenical Temple
  3878 | D:4      | HP: 1/44 [orc priest (2)]
  3883 | D:4      | Reached skill level 6 in Maces & Flails
  4458 | D:4      | Reached XP level 8. HP: 45/51 MP: 8/8
  4531 | D:5      | Entered Level 5 of the Dungeon
  4907 | D:5      | Gained mutation: You have sharp fingernails. [potion of beneficial mutation]
  5187 | D:5      | Noticed Grinder
  5193 | D:5      | Reached skill level 5 in Armour
  5212 | D:5      | Paralysed by Grinder for 5 turns
  5214 | D:5      | Killed Grinder
  5425 | D:5      | Reached skill level 7 in Maces & Flails
  5427 | D:5      | Noticed Pikel
  5445 | D:5      | Killed Pikel
  5445 | D:5      | Reached skill level 8 in Maces & Flails
  5445 | D:5      | Reached XP level 9. HP: 35/56 MP: 9/9
  5583 | D:5      | Noticed Dowan
  5586 | D:5      | Noticed Duvessa
  5596 | D:5      | Killed Duvessa
  5610 | D:5      | Killed Dowan
  5916 | D:5      | Found a glowing golden altar of the Shining One.
  6201 | D:6      | Reached skill level 9 in Maces & Flails
  6356 | D:6      | Found a snail-covered altar of Cheibriados.
  7093 | D:7      | Reached XP level 10. HP: 60/64 MP: 10/10
  7231 | D:7      | Found Sots's Antique Weapon Boutique.
  7421 | D:7      | Reached skill level 10 in Maces & Flails
  7697 | D:8      | Found Zyotut's Weapon Boutique.
  7815 | D:8      | Found a staircase to the Lair.
  7953 | D:8      | Found an iron altar of Okawaru.
  7954 | D:8      | Found a burning altar of Makhleb.
  7954 | D:8      | Found a glowing silver altar of Zin.
  7954 | D:8      | Found a radiant altar of Vehumet.
  7955 | D:8      | Found a sparkling altar of Nemelex Xobeh.
  7956 | D:8      | Found a shimmering altar of Xom.
  7962 | D:8      | Became a worshipper of Warmaster Okawaru
  8285 | D:9      | Found a shattered altar of Ashenzari.
  8463 | D:9      | Found a blossoming altar of Fedhas.
  8481 | D:9      | Found a stormy altar of Qazlal.
  8497 | D:9      | Reached * piety under Okawaru
  8697 | D:9      | Found a basalt altar of Yredelemnul.
  8852 | D:9      | Found a white marble altar of Elyvilon.
  8905 | D:10     | Entered Level 10 of the Dungeon
  8995 | D:10     | Reached skill level 11 in Maces & Flails
  9447 | D:10     | Reached ** piety under Okawaru
 10108 | D:10     | Found a viscous altar of Jiyva.
 10382 | D:10     | Reached XP level 11. HP: 40/71 MP: 11/11
 10496 | Lair:1   | Entered Level 1 of the Lair of Beasts
 10550 | Lair:1   | Reached *** piety under Okawaru
 10585 | Lair:1   | Reached skill level 12 in Maces & Flails
 10956 | Lair:1   | Reached skill level 10 in Fighting
 11328 | Lair:1   | Reached **** piety under Okawaru
 11366 | Lair:1   | Reached skill level 10 in Armour
 12285 | Lair:2   | Noticed Gastronok
 12316 | Lair:2   | Killed Gastronok
 12316 | Lair:2   | Reached ***** piety under Okawaru
 12316 | Lair:2   | Reached skill level 13 in Maces & Flails
 12539 | Lair:2   | Reached XP level 12. HP: 79/79 MP: 12/12
 12597 | Lair:2   | Reached skill level 5 in Shields
 13365 | Lair:3   | Received a gift from Okawaru
 13555 | Lair:3   | Found a labyrinth entrance.
 13570 | Lab      | Entered a labyrinth
 13920 | Lab      | Noticed a minotaur
 13933 | Lab      | Killed a minotaur
 14467 | Lair:4   | Noticed a six-headed hydra
 15164 | Lair:4   | Received a gift from Okawaru
 15182 | Lair:4   | Reached skill level 14 in Maces & Flails
 15191 | Lair:4   | Got a translucent eveningstar {god gift}
 15192 | Lair:4   | Identified the +1 eveningstar "Rehastra" {flame, Int+5} (Okawaru gifted it to you on level 4 of the Lair of Beasts)
 15317 | Lair:4   | Killed a six-headed hydra
 15462 | Lair:4   | Reached XP level 13. HP: 65/85 MP: 10/13
 15752 | Lair:5   | Found a staircase to the Shoals.
 16142 | Lair:5   | Reached ****** piety under Okawaru
 16392 | Lair:5   | Slain by a death yak

Skill      XL: |  1  2  3  4  5  6  7  8  9 10 11 12 13 |
---------------+----------------------------------------+-----
Maces & Flails | 3 4 5 6 8 9 11 13 14 | 14.9
Fighting       | 4 5 6 8 9 10 11 12 | 12.4
Armour         | 4 6 7 9 10 11 12 | 12.1
Shields        | 4 6 |  6.0

Action                   |  1- 3 |  4- 6 |  7- 9 | 10-12 | 13-15 || total
-------------------------+-------+-------+-------+-------+-------++-------
Melee: Flail             |   163 |    69 |       |       |       ||   232
       Whip              |       |   138 |   437 |  1219 |       ||  1794
       Dire flail        |       |       |       |   243 |       ||   243
       Eveningstar       |       |       |       |    40 |   141 ||   181
Invok: Heroism           |       |       |       |     1 |       ||     1
Evoke: Wand              |       |       |       |     1 |     6 ||     7
  Use: Scroll            |       |     4 |     3 |    18 |     1 ||    26
       Potion            |       |     1 |    11 |     5 |     2 ||    19
 Stab: Fleeing           |       |       |       |     1 |       ||     1
  Eat: Chunk             |     1 |     5 |     3 |     9 |     1 ||    19
       Pizza             |       |     1 |       |     4 |       ||     5
       Bread ration      |       |       |     1 |     1 |       ||     2
       Meat ration       |       |       |     1 |     2 |       ||     3
       Fruit             |       |       |       |     2 |     1 ||     3
       Royal jelly       |       |       |       |     3 |       ||     3
       Beef jerky        |       |       |       |       |     2 ||     2
Armor: Scale mail        |   108 |    94 |   189 |     3 |       ||   394
       Plate armour      |       |       |       |   832 |   101 ||   933
       Skin              |       |       |       |       |     6 ||     6
Dodge: Dodged            |    67 |    61 |   105 |   224 |    41 ||   498
Block: Shield            |    90 |   117 |   168 |   428 |       ||   803
